 Dungeon Crawl Stone Soup version 0.18-a0-1229-ge9a1a01 (webtiles) character file.

1711 4thArraOfDagon the Grappler (level 8, -3/72 HPs)
             Began as a Troll Arcane Marksman on Feb 4, 2016.
             Was a Priest of Okawaru.
             Slain by 4thArraOfDagon's ghost (7 damage)
             ... on level 7 of the Dungeon.
             The game lasted 00:07:43 (1368 turns).

4thArraOfDagon the Grappler (Troll Arcane Marksman) Turns: 1368, Time: 00:07:43

Health: -3/72      AC:  7    Str: 20    XL:     8   Next: 74%
Magic:  10/10      EV: 12    Int: 17    God:    Okawaru [***...]
Gold:   161        SH:  0    Dex: 11    Spells: 1 memorised, 8 levels left

rFire  . . .     SeeInvis .       - Unarmed
rCold  . . .     Gourm    +     a - +0 robe
rNeg   . . .     Faith    .     (no shield)
rPois  +         Spirit   .     (helmet restricted)
rElec  .         Dismiss  .     p - +1 cloak "Edear" {*Drain rPois Int+8}
rCorr  .         Reflect  .     (gloves unavailable)
SustAt .         Harm     .     (boots unavailable)
MR     .....                    (no amulet)
Stlth  ++........               (no ring)
                                (no ring)

@: heroism, not resistant to hostile enchantments, unstealthy
A: unfitting armour, claws 3, fast metabolism 3, gourmand, regeneration 2,
shaggy fur 1, tough skin 2
a: Heroism, Renounce Religion


You were on level 7 of the Dungeon.
You worshipped Okawaru.
Okawaru was most pleased with you.
You were very full.

You visited 2 branches of the dungeon, and saw 9 of its levels.

You collected 161 gold pieces.

Inventory:

Missiles
 c - 6 large rocks (quivered)
 d - 2 throwing nets
Armour
 a - a +0 robe (worn)
 p - the +1 cloak "Edear" (worn) {*Drain rPois Int+8}
   (You found it on level 7 of the Dungeon)

   It affects your intelligence (+8).
   It protects you from poison.
   It causes draining when unequipped.
Wands
 n - a wand of lightning (7/15)
Scrolls
 e - a scroll of magic mapping
 g - a scroll of noise {unknown}
 h - 2 scrolls of teleportation
 j - 2 scrolls of identify
 l - 2 scrolls of remove curse {unknown}
 m - 2 scrolls of immolation {unknown}
Potions
 o - a potion of cure mutation
 r - a potion of invisibility {unknown}
Books
 b - a book of Debilitation

   Spells                             Type                      Level
   a - Corona                         Hexes                        1
   b - Slow                           Hexes                        2
   c - Gell's Gravitas                Hexes/Translocation          3
   d - Inner Flame                    Hexes/Fire                   3
   e - Cause Fear                     Hexes                        4
   f - Leda's Liquefaction            Hexes/Earth                  4
Comestibles
 f - 4 bread rations
 i - a royal jelly
 k - a meat ration


   Skills:
 + Level 2.0(7.0) Fighting
 - Level 1.7(6.7) Throwing
 + Level 1.7(6.7) Armour
 - Level 1.5(6.5) Dodging
 * Level 8.9(13.9) Unarmed Combat
 - Level 1.0 Spellcasting
 - Level 2.0 Hexes
 + Level 5.1 Invocations


You had 8 spell levels left.
You knew the following spells:

 Your Spells              Type           Power        Failure   Level  Hunger
a - Corona                Hex            #......      12%         1    ##.....


Dungeon Overview and Level Annotations

Branches:
Dungeon (8/15)             Temple (1/1) D:4
   Lair: D:8-11

Altars:
Ashenzari
Dithmenos
Fedhas
Makhleb
Nemelex Xobeh
Okawaru
Pakellas
Vehumet
Yredelemnul
Zin

Annotations:
D:4 yogakurto's ghost, novice TeGl
D:7 4thArraOfDagon's ghost, novice TrAM


Innate Abilities, Weirdness & Mutations

You are too large for most types of armour.
You have claws for hands.
Your metabolism is lightning-fast.
You like to eat raw meat.
You heal very quickly.
You are covered in fur (AC +1).
You have very tough skin (AC +2).


Message History

Read which item? (? for menu, Esc to quit)
As you read the scroll labeled OCZAENOIXE, it crumbles to dust.
It is a scroll of amnesia.
Forget which spell ([?*] list [ESC] exit)?
Forget which spell ([?*] list [ESC] exit)?
Okay, then.
The black bear bites you but does no damage.
The black bear claws you but does no damage.
The black bear misses you. 4thArraOfDagon's ghost hits you!
* * * LOW HITPOINT WARNING * * *
Unknown command.
Unknown command.
Unknown command.
Read which item? (? for menu, Esc to quit)
Okay, then.
Drink which item? (? for menu, Esc to quit)
It was a potion of poison.
You feel slightly nauseous.
The black bear bites you but does no damage.
The black bear barely misses you. x2; 4thArraOfDagon's ghost hits you!
You die...

.##### #.# # ...... #.#.#
.#### ###########.#.####.
....# .##.................
.##.###.##.########.#.####
..#.#... #.# #.#
..#.#.####.# #.#
>..........# ######.#
..#........# #..@##.#
..#....##.## #KWh##.#
..#....##.# #..K##.### ###
.########.# #..K##.#.. ..#
## ...####
#...##.#.#####.### .....#
#.K.##.#.#.......# ......
#...##.#.....#.#.# ....#
#.K.##.#...#.#...
#...###...##.......#.###


You could see a black bear, a big kobold, 4thArraOfDagon's ghost and 4 kobolds.

Vanquished Creatures
  The ghost of Winamp the Cleaver, a novice HOFi (D:5)
  A cyclops (D:7)
  An ice beast (D:5)
  An ogre (D:7)
  A phantom (D:7)
  A centaur (D:5)
  A big kobold (D:7)
  A crimson imp (D:7)
  4 hounds
  3 jellies
  A quasit (D:7)
  An iguana (D:7)
  3 worker ants
  A killer bee zombie (D:5)
  A worker ant zombie (D:7)
  An adder (D:7)
  A shadow imp (D:7)
  An adder zombie (D:7)
  2 giant geckos
  3 orcs
  A ball python (D:3)
  A bat (D:3)
  A giant cockroach (D:4)
  A goblin (D:2)
  A hobgoblin (D:2)
  7 jackals
  2 quokkas
  A giant gecko zombie (D:7)
  2 giant newts
  A jackal skeleton (D:5)
  6 kobolds
  A quokka skeleton (D:4)
  2 rats
57 creatures vanquished.

Notes
Turn   | Place    | Note
--------------------------------------------------------------
     0 | D:1      | 4thArraOfDagon the Troll Arcane Marksman began the quest for the Orb.
     0 | D:1      | Reached XP level 1. HP: 18/18 MP: 1/1
    67 | D:2      | Reached skill level 1 in Unarmed Combat
    81 | D:2      | Reached XP level 2. HP: 14/26 MP: 2/2
   183 | D:3      | You fall through a shaft for 2 floors!
   183 | D:5      | Entered Level 5 of the Dungeon
   191 | D:5      | Found a sparkling altar of Nemelex Xobeh.
   202 | D:5      | Noticed an ice beast
   202 | D:5      | Reached XP level 3. HP: 11/32 MP: 3/3
   250 | D:4      | Found a staircase to the Ecumenical Temple.
   253 | D:4      | Found a glowing silver altar of Zin.
   260 | D:4      | Reached skill level 3 in Unarmed Combat
   316 | Temple   | Entered the Ecumenical Temple
   347 | Temple   | Became a worshipper of Warmaster Okawaru
   493 | D:3      | Reached XP level 4. HP: 25/40 MP: 4/4
   520 | D:3      | You fall through a shaft for 2 floors!
   553 | D:5      | Killed an ice beast
   553 | D:5      | Reached skill level 4 in Unarmed Combat
   553 | D:5      | Reached skill level 1 in Invocations
   553 | D:5      | Reached XP level 5. HP: 13/46 MP: 5/5
   641 | D:4      | Noticed yogakurto's ghost (novice TeGl)
   666 | D:5      | Noticed a centaur
   674 | D:5      | Killed a centaur
   674 | D:5      | Reached * piety under Okawaru
   674 | D:5      | Reached skill level 5 in Unarmed Combat
   674 | D:5      | Reached XP level 6. HP: 38/54 MP: 6/6
   704 | D:5      | Noticed Winamp's ghost (novice HOFi)
   711 | D:5      | Killed Winamp's ghost
   711 | D:5      | Reached skill level 7 in Unarmed Combat
   711 | D:5      | Reached XP level 7. HP: 37/61 MP: 4/8
   792 | D:5      | Reached ** piety under Okawaru
   890 | D:7      | Got a brightly glowing cloak
   896 | D:7      | Identified the +1 cloak "Edear" {*Drain rPois Int+8} (You found it on level 7 of the Dungeon)
   935 | D:7      | Noticed a cyclops
   977 | D:7      | Reached XP level 8. HP: 30/68 MP: 8/10
   990 | D:7      | Found a shattered altar of Ashenzari.
  1163 | D:7      | Reached skill level 8 in Unarmed Combat
  1206 | D:7      | Reached skill level 1 in Fighting
  1314 | D:7      | Killed a cyclops
  1314 | D:7      | Reached *** piety under Okawaru
  1314 | D:7      | Reached skill level 1 in Armour
  1314 | D:7      | Reached skill level 5 in Invocations
  1351 | D:7      | Noticed 4thArraOfDagon's ghost (novice TrAM)
  1368 | D:7      | Slain by 4thArraOfDagon's ghost

Vault maps used:
D:1:      tarquinn_simple_flora_water_e
D:2:      nicolae_ru_great_annihilating_truth, uniq_sigmund, uniq_terence
D:3:      first_bread
D:4:      overflow_temple_1_default, nicolae_qazlal_eye_of_the_storm,
          minmay_temple_entry_statues
D:5:      nemelex_xobeh_ov_fountains_minmay
D:6:      tgw_sif, gammafunk_temple_overflow_elements
D:7:      nicolae_ashenzari_panopticon, grunt_potential
D:8:      basic_altar, the_bakery, uniq_grum, uniq_pikel
Temple:   bh_familiar_temple

Action                   |  1- 3 |  4- 6 |  7- 9 || total
-------------------------+-------+-------+-------++-------
Melee: Unarmed           |    58 |    28 |   101 ||   187
Throw: Large rock        |     4 |     4 |     4 ||    12
       Throwing net      |       |     3 |     1 ||     4
Invok: Heroism           |       |     1 |     4 ||     5
  Use: Scroll            |     4 |       |     4 ||     8
       Potion            |       |     2 |     1 ||     3
 Stab: Held in net/web   |       |     1 |       ||     1
  Eat: Chunk             |    10 |       |     7 ||    17
